 Dungeon Crawl Stone Soup version 0.27-a0-1232-gc6a4cbde82 (webtiles) character file.

Game seed: 5783497139024919701

78 deletemesenpai the Shield-Bearer (level 4, -1/39 (40) HPs)
             Began as a Hill Orc Fighter on June 8, 2021.
             Slain by Crazy Yiuf
             ... wielding a +2 quarterstaff of chaos
              (6 damage)
             ... on level 2 of the Dungeon.
             The game lasted 00:05:29 (2229 turns).

deletemesenpai the Shield-Bearer (Hill Orc Fighter) Turns: 2229, Time: 00:05:29

HP:   -1/39 (40)    AC:  7    Str: 19    XL:     4   Next: 36%
MP:   4/4           EV:  7    Int:  8    God:
Gold: 37            SH:  9    Dex: 10    Spells: 3/3 levels left

rFire    . . .     SeeInvis .   a - +0 war axe
rCold    . . .     Faith    .   c - +0 kite shield
rNeg     . . .     Spirit   .   b - +0 scale mail
rPois    .         Reflect  .   (no helmet)
rElec    .         Harm     .   (no cloak)
rCorr    .         Rampage  .   (no gloves)
Will     .....                  (no boots)
Stlth    ..........             (no amulet)
HPRegen  0.13/turn              (no ring)
MPRegen  0.09/turn              (no ring)

@: lethally poisoned (-1 -> -11), slowed, lightly drained, very slow
A: no striking features
a: no special abilities


You were on level 2 of the Dungeon.
You visited 1 branch of the dungeon, and saw 2 of its levels.

You collected 37 gold pieces.

Inventory:

Hand Weapons
 a - a +0 war axe (weapon)
Armour
 b - a +0 scale mail (worn)
 c - a +0 kite shield (worn)
Scrolls
 f - a scroll of fear {unknown}
 g - a scroll of identify {unknown}
Potions
 d - a potion of might
 e - 2 potions of attraction {unknown}


   Skills:
 + Level 4.1 Fighting
 + Level 3.6 Axes
 + Level 3.8 Armour
 * Level 4.3 Shields


You had 3 spell levels left.
You didn't know any spells.
Your spell library was empty.

Dungeon Overview and Level Annotations

Branches:
Dungeon (2/15)

Altars:

Annotations:
D:2 Crazy Yiuf


Message History

There is an open door here.
You open the door.
There is an open door here.
Found a mace.
You see here a +0 mace.
Found three maces.
Found a runed translucent door.
You see here a +0 mace.
Crazy Yiuf yells, "Nubble!
Proton blue childish."
You see here a +0 mace.
You see here a +0 mace.
You open the door. You hit Crazy Yiuf but do no damage.
Crazy Yiuf hits you with a +2 quarterstaff of chaos!
You feel drained.
Crazy Yiuf yells, "Trifle!
Ten Xom sallow."
You block Crazy Yiuf's attack.
You see here a +0 mace.
You see here a +0 mace.
Crazy Yiuf whimpers, "Goober!"
You hit Crazy Yiuf.
Crazy Yiuf is lightly wounded.
Crazy Yiuf completely misses you.
Crazy Yiuf screams, "Mountain!
Orb down meccalolo."
You hit Crazy Yiuf but do no damage.
Crazy Yiuf says, "Hah!
Spliff down agre."
Crazy Yiuf hits you with a +2 quarterstaff of chaos!
You feel yourself slow down.
Crazy Yiuf laughs, "Action ragdoll arga!"
You block Crazy Yiuf's attack.
Crazy Yiuf laughs, "Snurf!"
You block Crazy Yiuf's attack.
Crazy Yiuf says, "Tosser high action!"
Crazy Yiuf hits you with a +2 quarterstaff of chaos!
* * * LOW HITPOINT WARNING * * *
You are lethally poisoned!
* * * LOW HITPOINT WARNING * * *
You feel very sick.
Crazy Yiuf grits, "Mugger eyeball green!"
Crazy Yiuf hits you with a +2 quarterstaff of chaos.
You die...

#.### #....####..####.###.# #...#
####..................## ###.#
#^###.##..########.#### #.#
#.###.##...# ##+## #.#
#.........§# ##...## ##.#
#####.##.§§# ##....[## ##..#
#.##...# ##.<.....##
##...#########.#...####.........#
...............g@.....+.........'
##...#########.#...####....<....#
##..# #.##.## ##.......## ##.#
#.#### ##.....## #..# #...#
##...## # #.## ###.# ##+##### #
#.# #.# #.# #.. # #.# #.# #.# #.#
###.# #.# ##.###.#


You could see Crazy Yiuf.

Vanquished Creatures
  2 adders (D:2)
  2 worms (D:2)
  A dart slug (D:1)
  4 ball pythons
  5 endoplasms
  3 goblins
  A hobgoblin (D:1)
  11 jackals (D:2)
  2 quokkas
  2 bats (D:2)
  A frilled lizard (D:1)
  8 kobolds
  6 rats
48 creatures vanquished.

Vanquished Creatures (others)
  4 plants (D:1)
4 creatures vanquished.

Grand Total: 52 creatures vanquished

Notes
Turn   | Place    | Note
-------+----------+-------------------------------------------
     0 | D:1      | deletemesenpai the Hill Orc Fighter began the quest for the
                  | Orb.
     0 | D:1      | Reached XP level 1. HP: 19/19 MP: 1/1
   193 | D:1      | Reached XP level 2. HP: 23/27 MP: 2/2
  1280 | D:2      | Reached XP level 3. HP: 33/33 MP: 3/3
  1295 | D:2      | Found a faded altar of an unknown god.
  1825 | D:2      | Reached XP level 4. HP: 36/40 MP: 4/4
  2202 | D:2      | Found a runed translucent door.
  2205 | D:2      | Noticed Crazy Yiuf
  2229 | D:2      | Slain by Crazy Yiuf

Illustrated notes

Levels and vault maps discovered:
D:1:      nicolae_arrival_washed_ashore, layout_rooms, serial_forest,
          infiniplex_forest_zigzag_2, infiniplex_forest_side_room,
          infiniplex_forest_clump_C, infiniplex_forest_clump_cross,
          infiniplex_forest_lined_3, infiniplex_forest_lined_2,
          infiniplex_forest_clump_small, infiniplex_forest_lined_corner,
          infiniplex_forest_straight_2
D:2:      layout_loops_corners, ebering_ecumenical_altar_mist,
          uniq_crazy_yiuf_cottage

Skill      XL: |  1  2  3 |
---------------+----------+-----
Axes           | 3 |  3.6
Fighting       | 4 |  4.1
Shields        | 4 |  4.3
Armour         | |  3.8

Action                   |  1- 3 |  4- 6 || total
-------------------------+-------+-------++-------
Melee: War axe           |   122 |    24 ||   146
Armor: Scale mail        |    73 |    18 ||    91
Dodge: Dodged            |    46 |     5 ||    51
Block: Kite shield       |    73 |    15 ||    88

Table legend: (Time is in decaauts)
 A = Elapsed time spent in this place.
 B = Non-inter-level travel time spent in this place.
 C = Inter-level travel time spent in this place.
 D = Time resting spent in this place.
 E = Time spent auto-exploring this place.
 F = Levels seen in this place.
 G = Mean time per level.
                   A        B        C        D        E       F      G
               +--------+--------+--------+--------+--------+-----+--------+
         Total |   2313 |   2274 |     39 |     79 |   1611 |   2 | 1156.5 |
       Dungeon |   2313 |   2274 |     39 |     79 |   1611 |   2 | 1156.5 |
               +--------+--------+--------+--------+--------+-----+--------+

Top non-repeatable levels by time:
     D:1: 1193 daAuts
     D:2: 1120 daAuts
